 Dungeon Crawl Stone Soup version 0.28-a0-938-gbc3f381ebc (webtiles) character file.

Game seed: 13562032922468949252

1206 cheechan the Poker (level 8, -1/54 HPs)
             Began as an Octopode Fighter on Nov 28, 2021.
             Slain by a wyvern skeleton (14 damage)
             ... on level 6 of the Dungeon.
             The game lasted 00:22:57 (6025 turns).

cheechan the Poker (Octopode Fighter)               Turns: 6025, Time: 00:22:57

Health: -1/54      AC:  1    Str: 16    XL:     8   Next: 45%
Magic:  8/8        EV: 15    Int: 10    God:
Gold:   225        SH:  6    Dex: 19    Spells: 5/7 levels left

rFire   . . .      SeeInvis +   e - +1 spear (venom)
rCold   . . .      Faith    .   b - +0 buckler
rNeg    . . .      Spirit   .   (helmet restricted)
rPois   +          Reflect  .   (no amulet)
rElec   .          Harm     .   i - ring of poison resistance
rCorr   .          Rampage  .   m - +6 ring of dexterity
Will    .....                   p - ring of see invisible
Stlth   ++++......              (no ring)
HPRegen 0.18/turn               (no ring)
MPRegen 0.11/turn               (no ring)
                                (no ring)
                                (no ring)

@: no status effects
A: almost no armour, amphibious, 8 rings, camouflage 1, gelatinous body 1,
(nimble swimmer 1), tentacles
a: no special abilities


You were on level 6 of the Dungeon.
You visited 1 branch of the dungeon, and saw 6 of its levels.

You collected 225 gold pieces.

Inventory:

Hand Weapons
 a - a +0 long sword of freezing
 e - a +1 spear of venom (weapon)
 q - a +1 dagger of venom
 r - a +0 shortbow
 w - a +1 scythe of protection
Missiles
 d - 45 bolts
 g - 22 sling bullets
 h - 26 poisoned darts
 s - 80 arrows
 t - 2 javelins (quivered)
Armour
 b - a +0 buckler (worn)
Jewellery
 i - a ring of poison resistance (left tentacle)
 m - a +6 ring of dexterity (right tentacle)
 p - a ring of see invisible (on tentacle)
Wands
 o - a wand of polymorph (2)
 v - a wand of charming (4)
Scrolls
 l - 3 scrolls of fog
 n - a scroll of noise
 u - a scroll of teleportation
Potions
 c - 2 potions of might
 f - a potion of brilliance {unknown}
 j - 3 potions of resistance
 k - a potion of curing {unknown}
 x - 2 potions of mutation {unknown}


   Skills:
 + Level 4.4 Fighting
 + Level 2.1 Long Blades
 + Level 5.7 Polearms
 + Level 3.2 Throwing
 + Level 4.3 Dodging
 + Level 5.4 Stealth
 + Level 4.3 Shields
 + Level 0.3 Spellcasting
 + Level 0.1 Evocations


You had 5 spell levels left.
You knew the following spells:

 Your Spells              Type           Power      Damage    Failure   Level
a - Blink                 Tloc           0%         N/A       50%         2

Your spell library contained the following spells:

 Spells                   Type           Power      Damage    Failure   Level
 Sandblast                Erth           0%         2d4       36%         1
 Passwall                 Tmut/Erth      0%         N/A       50%         2
 Sublimation of Blood     Necr           0%         N/A       50%         2
 Wereblood                Tmut           0%         N/A       50%         2
 Gell's Gravitas          Tloc           0%         N/A       75%         3
 Stone Arrow              Conj/Erth      0%         3d7       75%         3
 Simulacrum               Ice/Necr       0%         N/A       100%        6
 Summon Hydra             Summ           0%         N/A       100%        7


Dungeon Overview and Level Annotations

Branches:
Dungeon (6/15)
 Temple: D:4-7

Altars:
Trog

Shops:
D:2 [   D:3 *


Innate Abilities, Weirdness & Mutations

You cannot wear most types of armour.
You are amphibious.
You can wear up to eight rings at the same time.
Your skin changes colour to match your surroundings (Stealth+).
Your rubbery body absorbs attacks. (AC +1, EV +1)
((You are camouflaged near water. (Stealth+)))
You have tentacles for arms and can constrict up to eight enemies at once.


Message History

You throw a javelin.
The javelin pierces through the wyvern zombie.
The wyvern zombie is moderately damaged.
The javelin completely misses the wyvern skeleton.
You hit the wyvern zombie.
The wyvern zombie is moderately damaged.
The wyvern zombie misses you.
You barely miss the wyvern zombie.
The wyvern zombie is moderately damaged.
The wyvern zombie bites you. The wyvern zombie bites you!
You hit the wyvern zombie.
The wyvern zombie is heavily damaged.
The wyvern skeleton closely misses you.
The wyvern zombie bites you but does no damage.
You hit the wyvern zombie.
The wyvern zombie is severely damaged.
You block the wyvern skeleton's attack. The wyvern zombie misses you.
You hit the wyvern zombie.
You squeeze the wyvern zombie, but do no damage.
The wyvern zombie is severely damaged.
You block the wyvern skeleton's attack. The wyvern zombie bites you!
You hit the wyvern zombie but do no damage.
The wyvern zombie is severely damaged.
The wyvern skeleton misses you. The wyvern zombie misses you.
You hit the wyvern zombie.
The wyvern zombie is severely damaged.
You block the wyvern skeleton's attack.
The wyvern zombie bites you but does no damage.
You hit the wyvern zombie but do no damage.
You squeeze the wyvern zombie.
The wyvern zombie is almost destroyed.
The wyvern skeleton misses you. The wyvern zombie bites you!
You hit the wyvern zombie. You squeeze the wyvern zombie.
You destroy the wyvern zombie!
The wyvern skeleton bites you.
* * * LOW HITPOINT WARNING * * *
You hit the wyvern skeleton.
The wyvern skeleton is lightly damaged.
The wyvern skeleton bites you!
You die...

################
(......@......>#
.#####Z........#
#.........# ######
#.........# #....#
#.........# #.##.#
#.......†.# #.##.#
#.........######
#.<#.#
.................#
#..#.#
#######.##.......###


You could see a wyvern skeleton.

Vanquished Creatures
  Sigmund (D:4)
  An ogre (D:5)
  A phantom (D:4)
  A centaur (D:6)
  A bullfrog (D:5)
  3 scorpions
  A wyvern zombie (D:6)
  A water moccasin skeleton (D:4)
  A centaur zombie (D:6)
  3 hounds
  A jelly (D:5)
  3 iguanas
  A hound zombie (D:5)
  5 adders
  3 gnolls (D:4)
  2 white imps (D:5)
  3 adder skeletons
  7 worms
  2 dart slugs
  9 orcs
  7 endoplasms
  4 giant cockroaches
  12 goblins
  7 hobgoblins
  12 jackals
  5 quokkas
  5 ball pythons
  7 bats
  A frilled lizard (D:2)
  9 kobolds
  3 rats
122 creatures vanquished.

Notes
Turn   | Place    | Note
-------+----------+-------------------------------------------
     0 | D:1      | cheechan the Octopode Fighter began the quest for the Orb.
     0 | D:1      | Reached XP level 1. HP: 16/16 MP: 1/1
   161 | D:1      | Reached XP level 2. HP: 21/21 MP: 2/2
   684 | D:2      | Reached skill level 1 in Stealth
   693 | D:2      | Found a faded altar of an unknown god.
   771 | D:2      | Reached XP level 3. HP: 22/26 MP: 3/3
   774 | D:2      | Reached skill level 1 in Polearms
  1005 | D:2      | Reached XP level 4. HP: 10/31 MP: 4/4
  1377 | D:2      | Found Iptusuno's Armour Shoppe.
  1588 | D:3      | Found Todeom's Assorted Antiques.
  1715 | D:3      | Reached XP level 5. HP: 33/36 MP: 5/5
  1753 | D:3      | Got the Guide on the Traveller and Evil Rites
  1769 | D:3      | Learned a level 2 spell: Blink
  2157 | D:3      | Found a bloodstained altar of Trog.
  2461 | D:4      | Noticed a phantom
  2508 | D:4      | HP: 1/36 [phantom (9)]
  2509 | D:4      | Killed a phantom
  2510 | D:4      | Reached XP level 6. HP: 1/42 MP: 6/6
  3344 | D:4      | Noticed Sigmund
  3360 | D:4      | Killed Sigmund
  3361 | D:4      | Reached XP level 7. HP: 21/47 MP: 7/7
  4188 | D:4      | Reached skill level 1 in Throwing
  4539 | D:5      | Entered Level 5 of the Dungeon
  4709 | D:5      | Reached skill level 5 in Polearms
  4829 | D:5      | Reached skill level 5 in Stealth
  4829 | D:5      | Reached XP level 8. HP: 54/54 MP: 8/8
  5549 | D:6      | HP: 2/54 [centaur/arrow (7)]
  6025 | D:6      | Slain by a wyvern skeleton

Illustrated notes

Levels and vault maps discovered:
D:1:      lordsloth_arrival_two_stooges, layout_basic
D:2:      layout_basic, serial_shops, nicolae_shop_trees, serial_corexii_hall,
          chequers_hall_statues_wall_a, corexii_hall_statues_x,
          hellmonk_ecumenical_altar_inner_sanctum
D:3:      minmay_wonky_spiral, layout_rooms, trog_hazing_becter, serial_shops,
          shop, nicolae_figureground_sparkle
D:4:      layout_layer_cave, serial_co_window_serial,
          co_window_of_opportunity_a, co_window_of_opportunity_a,
          co_window_cross_1, co_window_paths_b, co_window_of_opportunity_a,
          co_window_cross_1, co_window_paths_a, co_window_corner_cb,
          co_window_2corner, co_window_paths_c, co_window_broadway_a,
          co_window_unsneaky_path_e, co_window_unsneaky_path_b,
          co_window_4corner_a, co_window_4corner_b, glass_columns_a,
          uniq_sigmund
D:5:      layout_basic, palyth_stone_intersect
D:6:      layout_basic, lemuel_tele_altar

Skill      XL: |  1  2  3  4  5  6  7  8 |
---------------+-------------------------+-----
Stealth        | 1 2 3 4 5 |  5.4
Polearms       | 1 2 3 4 5 |  5.7
Fighting       | 4 |  4.4
Throwing       | 2 3 |  3.2
Dodging        | 4 |  4.3
Shields        | 4 |  4.3
Long Blades    | |  2.1
Spellcasting   | |  0.3
Evocations     | |  0.1

Action                   |  1- 3 |  4- 6 |  7- 9 || total
-------------------------+-------+-------+-------++-------
Melee: Spear             |    71 |   129 |    90 ||   290
       Constrict         |    15 |    31 |    16 ||    62
       Tentacles         |     7 |    32 |    21 ||    60
Throw: Dart              |       |     1 |       ||     1
       Javelin           |       |     6 |    38 ||    44
       Throwing net      |       |       |     1 ||     1
 Cast: Blink             |       |     1 |       ||     1
Evoke: Wand              |       |       |     3 ||     3
  Use: Scroll            |     2 |     3 |     3 ||     8
 Stab: Sleeping          |     4 |     6 |     2 ||    12
       Distracted        |       |     1 |       ||     1
Armor: Skin              |     4 |     3 |     2 ||     9
Dodge: Dodged            |    21 |    49 |    47 ||   117
Block: Buckler           |    11 |    22 |    24 ||    57

Table legend: (Time is in decaauts)
 A = Elapsed time spent in this place.
 B = Non-inter-level travel time spent in this place.
 C = Inter-level travel time spent in this place.
 D = Time resting spent in this place.
 E = Time spent auto-exploring this place.
 F = Levels seen in this place.
 G = Mean time per level.
                   A        B        C        D        E       F      G
               +--------+--------+--------+--------+--------+-----+--------+
         Total |   6031 |   6031 |      0 |   1049 |      0 |   6 | 1005.2 |
       Dungeon |   6031 |   6031 |      0 |   1049 |      0 |   6 | 1005.2 |
               +--------+--------+--------+--------+--------+-----+--------+

Top non-repeatable levels by time:
     D:4: 2156 daAuts
     D:5: 980 daAuts
     D:2: 899 daAuts
     D:3: 848 daAuts
     D:1: 636 daAuts
     D:6: 509 daAuts
